Cogmind - Beta 14 @@@ ROGUE MODE // 2025.03.18 @ 13:25:34 Player: Zoe Result: Destroyed by H-66 Slayer with Gauss Rifle Performance ------------- Evolutions (4) 2000 Regions Visited (11) 2200 Robots Destroyed (95) 475 Value Destroyed (3516) 3516 Prototype IDs (3) 60 Alien Tech Used (0) 0 Bonus (1025) 1025 TOTAL SCORE: 9276 Bonus ------- High Alert Combat Kills 180 Follower Combat Kills 845 Cogmind --------- Core Integrity 0/850 Matter 185/300 Energy 84/100 System Corruption 22% Temperature Cool (0) Movement Core (100) Ox1 Location -6/Extension Parts ------- > --- POWER (1) -------- (None) > --- PROPULSION (6) --- (None) > --- UTILITY (6) ------ Targeting Computer System Shield > --- WEAPON (2) ------- Phasing Sabre > --- INVENTORY (5) ---- Micro Nuclear Core Medium Storage Unit Peak State ------------ > --- POWER ------------ Light Antimatter Reactor > --- PROPULSION ------- Armored Huge Wheel Armored Huge Wheel Armored Huge Wheel > --- UTILITY ---------- Advanced Heat Sink Advanced Targeting Computer Heavy Reactive Plating Hacking Suite System Shield > --- WEAPON ----------- Plasma Rifle Magnetic Acceleration Cannon > --- INVENTORY -------- Light Angular Momentum Engine Carbon-fiber Leg Flexi-carbon Leg Hardened Medium Armor Plating Gauss Rifle [Rating: 67] Favorites ----------- Power Light Angular Momentum Engine Engine Light Angular Momentum Engine Power Core Light Nuclear Core Reactor Light Antimatter Reactor Propulsion Armored Huge Wheel Treads Light Treads Leg Flexi-carbon Leg Wheel Armored Huge Wheel Flight Unit Flight Unit Utility Advanced Targeting Computer Device Advanced Heat Sink Storage Medium Storage Unit Processor Advanced Targeting Computer Hackware System Shield Protection Hardened Medium Armor Plating Weapon Assault Rifle Energy Gun Plasma Rifle Energy Cannon Phase Cannon Ballistic Gun Assault Rifle Ballistic Cannon Magnetic Acceleration Cannon Launcher Improved Grenade Launcher Slashing Weapon Phasing Sabre Build | -11 -10 -10 -10 -9 -8 -8 -8 -6 -6 -6 -6 ------- Run | Yrd Mat Min Exi Min Mat Sto Rec Fac Was Fac Ext Slots Evolved 8 | . . . . . 4 . . 4 . . . Power . | . . . . . . . . . . . . Propulsion 4 | . . . . . 2 . . 2 . . . Utility 4 | . . . . . 2 . . 2 . . . Weapon . | . . . . . . . . . . . . Parts Attached 125 | 6 7 3 . 3 29 3 . 13 . 27 34 Power 20 | 1 2 . . . 4 1 . 2 . 4 6 Engine 6 | 1 2 . . . . . . 1 . 1 1 Core 13 | . . . . . 4 1 . . . 3 5 Reactor 1 | . . . . . . . . 1 . . . Propulsion 39 | 2 3 . . 1 8 . . 3 . 12 10 Treads 5 | 2 . . . . 2 . . . . . 1 Leg 11 | . . . . . . . . . . 7 4 Wheel 12 | . . . . . 2 . . 3 . 5 2 Hover . | . . . . . . . . . . . . Flight 11 | . 3 . . 1 4 . . . . . 3 Utility 32 | 1 2 2 . 1 11 . . 6 . 5 4 Device 13 | . 1 2 . 1 5 . . 1 . 1 2 Storage 2 | 1 . . . . . . . . . 1 . Processor 4 | . . . . . 2 . . . . 1 1 Hackware 3 | . . . . . 1 . . 2 . . . Protection 10 | . 1 . . . 3 . . 3 . 2 1 Artifact . | . . . . . . . . . . . . Weapon 34 | 2 . 1 . 1 6 2 . 2 . 6 14 Energy Gun 10 | . . . . . 2 1 . 1 . 2 4 Energy Cannon 1 | . . . . . . . . . . 1 . Ballistic Gun 14 | 2 . 1 . 1 4 . . . . 2 4 Ballistic Cannon 5 | . . . . . . . . 1 . 1 3 Launcher 1 | . . . . . . 1 . . . . . Special Weapon . | . . . . . . . . . . . . Impact Weapon . | . . . . . . . . . . . . Slashing Weapon 3 | . . . . . . . . . . . 3 Piercing Weapon . | . . . . . . . . . . . . Special Melee Weapon . | . . . . . . . . . . . . Unidentified Prototypes 3 | . . 1 . . 1 . . . . 1 . Corrupted Parts 3 | . . . . . . . . . . . 3 System Corruption 12 | . . . . . . . . . . . 12 Parts Lost 58 | . . . . . 10 . . 1 . 15 32 Power 9 | . . . . . 2 . . 1 . 1 5 Propulsion 27 | . . . . . 5 . . . . 6 16 Utility 10 | . . . . . 1 . . . . 4 5 Weapon 12 | . . . . . 2 . . . . 4 6 Highest Loss Streak 14 | . . . . . 3 . . 1 . 7 14 To Critical Strikes 1 | . . . . . . . . . . 1 . Average Slot Usage (%) 78 | . 79 83 71 78 73 80 81 73 73 77 83 Engine 4 | . 14 14 14 14 1 . . 3 6 4 . Core 3 | . . . . . 7 9 9 . . 1 5 Treads 1 | . 21 . . . 2 . . . . . 1 Leg 4 | . . . . . . . . . . 8 17 Wheel 10 | . . . . . 4 18 18 18 20 15 8 Flight 7 | . 7 28 28 28 18 . . . . . 1 Device 6 | . . 12 . 7 9 9 9 6 6 6 5 Storage 1 | . 10 . . . . . . . . . 6 Processor 6 | . . . . . 6 9 9 6 6 7 13 Hackware 7 | . . . . . 4 9 9 13 13 11 6 Protection 6 | . 1 14 14 14 7 9 9 7 6 5 2 Energy Gun 3 | . . . . . 3 7 9 6 6 4 2 Ballistic Gun 7 | . 24 14 14 14 7 9 9 1 . 4 . Ballistic Cannon 1 | . . . . . . . . 4 6 . 6 Peak Build Rating 67 | 6 6 13 6 12 37 38 38 67 65 66 48 Average Rating 36 | 4 5 11 6 9 20 37 38 60 64 60 37 On Entrance 25 | . 6 5 6 6 6 35 38 38 65 65 40 Naked Turns . | . . . . . . . . . . . . Heaviest Build 60 | 13 13 8 8 8 19 25 20 60 57 57 35 Greatest Support 95 | 40 40 8 8 8 56 56 56 84 84 95 65 Greatest Overweight (x) 6 | 2 3 . . . 1 . . . . 2 6 Average Overweight (x) . | . . . . . . . . . . . . Largest Inventory Capacity 10 | 8 8 5 5 5 5 5 5 5 5 10 10 Average Capacity 6 | 6 7 5 5 5 5 5 5 5 5 5 9 Most Carried 8 | 2 5 5 5 5 5 5 5 5 5 6 8 Average Carried 4 | . 2 4 5 4 4 4 4 4 4 4 5 Final Capacity 10 | 8 5 5 5 5 5 5 5 5 5 10 5 Final Carried 5 | 2 5 5 5 5 5 5 5 5 5 5 2 Class Distribution -------------------- 33% | Scavenger-Mutant 26% | Mutant 24% | Hacker-Mutant 13% | Commander-Mutant Dominant Class ---------------- Mutant | -10/Materials Mutant | -10/Mines Mutant | -10/Exiles Mutant | -9/Mines Scavenger-Mutant | -8/Materials Scavenger-Mutant | -8/Storage Commander-Mutant | -8/Recycling Hacker-Mutant | -6/Factory Hacker-Mutant | -6/Waste Hacker-Mutant | -6/Factory Scavenger-Mutant | -6/Extension Resources | -11 -10 -10 -10 -9 -8 -8 -8 -6 -6 -6 -6 ----------- Run | Yrd Mat Min Exi Min Mat Sto Rec Fac Was Fac Ext Matter Collected 2852 | 242 215 27 . 108 469 131 16 117 . 900 627 Remotely . | . . . . . . . . . . . . Salvage Created 4112 | . 224 17 . 186 705 191 98 1 . 1639 1051 Parts 193 | . 11 2 . 11 54 8 2 . . 59 46 Haulers Intercepted . | . . . . . . . . . . . . Recyclers Shooed 4 | . . . . . . . . 1 . 2 1 Parts Field Recycled . | . . . . . . . . . . . . Retrieved Matter . | . . . . . . . . . . . . Parts Self-Destructed . | . . . . . . . . . . . . Prevented . | . . . . . . . . . . . . Kills | -11 -10 -10 -10 -9 -8 -8 -8 -6 -6 -6 -6 ------- Run | Yrd Mat Min Exi Min Mat Sto Rec Fac Was Fac Ext Combat Hostiles Destroyed 75 | . 6 1 . 5 18 5 2 . . 21 17 Melee 3 | . . . . . . . . . . . 3 Guns 53 | . 6 1 . 5 15 5 2 . . 15 4 Cannons 14 | . . . . . . . . . . 5 9 AOE 4 | . . . . . 3 . . . . . 1 Classes Destroyed 14 | . 3 . . . 5 . . . . 4 2 Worker 5 | . . . . . 1 . . . . 4 . Builder 6 | . . . . . 3 . . . . 3 . Tunneler 1 | . . . . . . . . . . 1 . Recycler 7 | . 1 . . . . . . . . 3 3 Operator 1 | . . . . . 1 . . . . . . Swarmer 17 | . 3 1 . 1 7 . . . . . 5 Grunt 26 | . 3 . . 4 5 1 . . . 8 5 Duelist 2 | . . . . . . . . . . 2 . Sentry 16 | . . . . . 5 4 2 . . 2 3 Specialist 1 | . . . . . 1 . . . . . . Hunter 7 | . . . . . . . . . . 6 1 Programmer 3 | . . . . . . . . . . 3 . Behemoth 1 | . . . . . . . . . . . 1 Thug 1 | . . . . . . . . . . . 1 Savage 1 | . . . . . . . . . . . 1 Best Kill Streak 8 | . 2 1 . 3 6 1 2 . . 8 4 Combat Bots Only 5 | . 2 1 . 3 5 1 2 . . 3 4 Max Kills in Single Turn 3 | . 1 1 . 1 3 1 1 . . 2 2 Gunslinging . | . . . . . . . . . . . . Exploded 3 | . . . . . 3 . . . . . 1 Melee 1 | . . . . . . . . . . . 1 Uniques/NPCs Destroyed . | . . . . . . . . . . . . Combat | -11 -10 -10 -10 -9 -8 -8 -8 -6 -6 -6 -6 -------- Run | Yrd Mat Min Exi Min Mat Sto Rec Fac Was Fac Ext Hostile Shots Fired 773 | . 52 8 . 20 133 29 2 7 . 287 235 Missed 249 | . 12 4 . 4 49 9 . 2 . 80 89 Damage Taken 8365 | . 376 30 . 163 1155 310 47 255 . 3469 2560 Core 1210 | . 108 14 . 50 130 46 . 28 . 326 508 Absorbed by Shields 133 | . . . . . . . . . . . 133 Ignored by Resistances 150 | . . . . . . . . 53 . 97 . Regen/Repaired (Parts) 561 | . . . . . . . . 561 . . . Core Remaining (%) 66 | 100 . . . 31 . . 68 . . . . Volleys Fired 362 | . 33 3 . 13 83 22 4 8 . 125 71 Largest 2 | . 2 2 . 2 2 2 2 2 . 2 2 Hottest 154 | . 40 40 . 40 85 88 88 128 . 154 117 Shots Fired 591 | . 61 4 . 21 109 40 8 16 . 229 103 Gun 448 | . 61 4 . 21 109 39 8 10 . 162 34 Cannon 142 | . . . . . . . . 6 . 67 69 Launcher 1 | . . . . . . 1 . . . . . Special . | . . . . . . . . . . . . Kinetic 345 | . 61 4 . 21 61 21 4 8 . 90 75 Thermal 245 | . . . . . 48 18 4 8 . 139 28 Explosive 1 | . . . . . . 1 . . . . . Electromagnetic . | . . . . . . . . . . . . Robot Hit Streak 29 | . 10 4 . 8 17 12 6 5 . 23 29 Robot Miss Streak 6 | . 6 1 . 2 3 1 1 3 . 4 4 Penetration Max 1 | . . . . . 1 . . . . 1 . Secondary Targets 4 | . 1 1 . . 1 . . . . 1 . Max Gunslinging Chain 1 | . 1 1 . . 1 . . . . 1 . Shots Hit Robots 443 | . 35 3 . 16 81 29 6 11 . 171 91 Core Hits 168 | . 11 1 . 10 39 11 4 2 . 59 31 Critical Kills 2 | . . . . . 2 . . . . . . Critical Parts Destroyed 2 | . . . . . . . . . . 2 . Critical Strikes 16 | . . . . . 4 . . 2 . 4 6 Burn 6 | . . . . . 2 . . 1 . 2 1 Destroy 4 | . . . . . 2 . . . . 2 . Blast 4 | . . . . . . . . 1 . . 3 Sever 2 | . . . . . . . . . . . 2 Melee Attacks 17 | . . . . . . . . . . . 17 Impact . | . . . . . . . . . . . . Slashing 17 | . . . . . . . . . . . 17 Piercing . | . . . . . . . . . . . . Sneak Attacks 9 | . . . . . . . . . . . 9 Combat Hostiles . | . . . . . . . . . . . . Follow-up Attacks . | . . . . . . . . . . . . Damage Inflicted 10669 | . 374 41 . 196 1592 597 106 258 . 4513 2992 Guns 5969 | . 374 41 . 196 1255 597 106 135 . 2808 457 Cannons 3113 | . . . . . . . . 123 . 1549 1441 Explosions 493 | . . . . . 337 . . . . 156 . Melee 1094 | . . . . . . . . . . . 1094 Ramming . | . . . . . . . . . . . . Kinetic 4947 | . 374 41 . 196 679 374 38 156 . 1596 1493 Thermal 4420 | . . . . . 705 223 68 102 . 2917 405 Explosive 208 | . . . . . 208 . . . . . . Electromagnetic . | . . . . . . . . . . . . Impact . | . . . . . . . . . . . . Slashing 1094 | . . . . . . . . . . . 1094 Piercing . | . . . . . . . . . . . . Highest Corruption 22 | . . . . . . . . . 8 10 22 Average Corruption 9 | . . . . . . . . . 8 8 12 Corruption Purged . | . . . . . . . . . . . . Corruption Blocked . | . . . . . . . . . . . . Effects 97 | . . . . . . . . . 2 56 39 Message Errors 16 | . . . . . . . . . 1 8 7 Matter Fused 27 | . . . . . . . . . 1 11 15 Heat Flow Errors 9 | . . . . . . . . . . 3 6 Energy Discharges 14 | . . . . . . . . . . 13 1 Parts Rejected 1 | . . . . . . . . . . 1 . Data Loss (minor) 13 | . . . . . . . . . . 8 5 Data Loss (major) 3 | . . . . . . . . . . 1 2 Misfires 7 | . . . . . . . . . . 6 1 Alerts 2 | . . . . . . . . . . 1 1 Weapon Failures 5 | . . . . . . . . . . 4 1 Overload Shots . | . . . . . . . . . . . . Overflow Damage 407 | . . . . . 35 . . . . 73 299 Projectiles 100 | . . . . . . . . . . 73 27 Explosions 35 | . . . . . 35 . . . . . . Melee 272 | . . . . . . . . . . . 272 Knockbacks 7 | . . . . . . . . 2 . . 5 Impact . | . . . . . . . . . . . . Kinetic 7 | . . . . . . . . 2 . . 5 Secondary . | . . . . . . . . . . . . Self-Inflicted Damage 216 | . . . . . 69 . . . . 147 . Shots 4 | . . . . . 1 . . . . 3 . Rammed . | . . . . . . . . . . . . Targets Rammed . | . . . . . . . . . . . . Kicked . | . . . . . . . . . . . . Crushed . | . . . . . . . . . . . . Highest Temperature 374 | . 18 . . 26 28 23 30 90 . 374 291 Average Temperature 54 | . 8 . . 14 9 7 20 46 . 44 98 Received Heat Transfer 1711 | . 96 . . 75 297 117 18 . . 561 547 Effects 1 | . . . . . . . . . . 1 . Shutdowns 1 | . . . . . . . . . . 1 . Siege Activations . | . . . . . . . . . . . . Robots Corrupted . | . . . . . . . . . . . . Combat Hostiles . | . . . . . . . . . . . . Parts Fried 1 | . . . . . . . . . . . 1 Impact Corruptions . | . . . . . . . . . . . . Robots Melted 1 | . . . . . . . . . . 1 . Combat Hostiles 1 | . . . . . . . . . . 1 . Parts Melted 23 | . . . . . 5 1 . . . 16 1 Heat Transferred 8222 | . . . . . 1654 481 148 311 . 4740 888 Parts Sabotaged . | . . . . . . . . . . . . Parts Stolen . | . . . . . . . . . . . . Parts Stripped . | . . . . . . . . . . . . Power Chain Reactions . | . . . . . . . . . . . . Alert | -11 -10 -10 -10 -9 -8 -8 -8 -6 -6 -6 -6 ------- Run | Yrd Mat Min Exi Min Mat Sto Rec Fac Was Fac Ext Peak Influence 572 | . 245 37 . 193 553 572 328 265 21 402 533 Initial 222 | . . 17 . . 22 81 222 150 21 14 196 Average 215 | . 94 33 . 116 239 276 183 187 21 209 386 Maximum Alert Level 2 | . 1 . . . 2 2 1 1 . 2 2 Low Security (%) 49 | 100 90 100 . 100 48 50 31 37 100 47 10 Level 1 35 | . 9 . . . 27 20 68 62 . 50 30 Level 2 14 | . . . . . 23 28 . . . 1 58 Level 3 . | . . . . . . . . . . . . Level 4 . | . . . . . . . . . . . . Level 5 . | . . . . . . . . . . . . High Security . | . . . . . . . . . . . . Max Security . | . . . . . . . . . . . . Squads Dispatched 17 | . 2 . . . 4 1 . . . 7 3 Investigation 3 | . 1 . . . 1 . . . . . 1 Extermination 3 | . . . . . . . . . . 3 . Reinforcement 11 | . 1 . . . 3 1 . . . 4 2 Assault . | . . . . . . . . . . . . Garrison . | . . . . . . . . . . . . Intercept . | . . . . . . . . . . . . Searches Triggered . | . . . . . . . . . . . . Construction Impeded 5 | . . . . . 1 . . . . 3 1 Haulers Reinforced . | . . . . . . . . . . . . Active Scanning Responses . | . . . . . . . . . . . . Cargo Convoy Interrupts . | . . . . . . . . . . . . Stealth | -11 -10 -10 -10 -9 -8 -8 -8 -6 -6 -6 -6 --------- Run | Yrd Mat Min Exi Min Mat Sto Rec Fac Was Fac Ext Distress Signals 10 | . 3 . . . 5 1 . . . 1 . Communications Jammed . | . . . . . . . . . . . . Distress Signals . | . . . . . . . . . . . . Times Spotted 138 | . 13 3 . 9 28 14 3 8 5 29 26 Peak Tracking Total 8 | . 4 2 . 3 6 4 1 3 5 8 4 Tactical Retreats 15 | . 3 . . . 4 1 . 1 . 1 5 Traps | -11 -10 -10 -10 -9 -8 -8 -8 -6 -6 -6 -6 ------- Run | Yrd Mat Min Exi Min Mat Sto Rec Fac Was Fac Ext Traps Triggered 4 | . . . . . . . . 2 . 1 1 Indirectly . | . . . . . . . . . . . . Trap Hack Attempts . | . . . . . . . . . . . . Triggered . | . . . . . . . . . . . . Disarmed . | . . . . . . . . . . . . Reprogrammed . | . . . . . . . . . . . . Reused . | . . . . . . . . . . . . Traps Extracted . | . . . . . . . . . . . . Installed . | . . . . . . . . . . . . Triggered 1 | . . . . . . . . . . . 1 Objects Rigged 3 | . . . . . 3 . . . . . . Exploded 3 | . . . . . 3 . . . . . . Machines | -11 -10 -10 -10 -9 -8 -8 -8 -6 -6 -6 -6 ---------- Run | Yrd Mat Min Exi Min Mat Sto Rec Fac Was Fac Ext Machines Disabled 20 | . . . . . 4 1 . 1 . 13 1 Max in Single Turn 8 | . . . . . 1 1 . 1 . 8 1 Energy Cycler 1 | . . . . . . . . . . . 1 Machines Repaired . | . . . . . . . . . . . . Machines Dismantled . | . . . . . . . . . . . . Machines Sabotaged . | . . . . . . . . . . . . Overloaded Fab Kills . | . . . . . . . . . . . . Hacking | -11 -10 -10 -10 -9 -8 -8 -8 -6 -6 -6 -6 --------- Run | Yrd Mat Min Exi Min Mat Sto Rec Fac Was Fac Ext Machines Accessed 26 | . 3 1 1 . 5 1 5 4 . 2 4 Terminals 18 | . 2 . . . 5 1 5 2 . 1 2 Fabricators 1 | . . . . . . . . 1 . . . Repair Stations 2 | . . . . . . . . 1 . . 1 Recycling Units 2 | . 1 . . . . . . . . . 1 Scanalyzers 1 | . . . . . . . . . . 1 . Garrison Access . | . . . . . . . . . . . . Total Hacks 82 | . 11 1 2 . 20 6 16 12 . 6 8 Successful 42 | . 6 1 2 . 11 2 6 8 . 3 3 Failed 40 | . 5 . . . 9 4 10 4 . 3 5 Catastrophic 6 | . . . . . 1 1 3 1 . . . Database Lockouts . | . . . . . . . . . . . . Manual 31 | . 10 . . . 9 1 8 3 . . . Terminals 61 | . 8 . . . 20 6 16 4 . 4 3 Fabricators 2 | . . . . . . . . 2 . . . Repair Stations 9 | . . . . . . . . 6 . . 3 Recycling Units 5 | . 3 . . . . . . . . . 2 Scanalyzers 2 | . . . . . . . . . . 2 . Garrison Access . | . . . . . . . . . . . . Terminal Hacks 25 | . 1 1 2 . 8 2 6 2 . 1 2 Record 3 | . . . 2 . . . . 1 . . . Robot Analysis 2 | . 1 . . . . . 1 . . . . Open Door 4 | . . 1 . . . . . 1 . . 2 Branch Access Points 4 | . . . . . 2 . 1 . . 1 . Alert Level 5 | . . . . . 3 1 1 . . . . Unreport Threat 3 | . . . . . 2 . 1 . . . . Locate Traps 1 | . . . . . . 1 . . . . . Maintenance Status 1 | . . . . . . . 1 . . . . Surveillance Status 1 | . . . . . 1 . . . . . . Registered Components 1 | . . . . . . . 1 . . . . Fabricator Hacks . | . . . . . . . . . . . . Repair Station Hacks 7 | . . . . . . . . 6 . . 1 Scan Component 4 | . . . . . . . . 3 . . 1 Repair 3 | . . . . . . . . 3 . . . Recycling Unit Hacks . | . . . . . . . . . . . . Scanalyzer 2 | . . . . . . . . . . 2 . Insert Component 1 | . . . . . . . . . . 1 . Analyze 1 | . . . . . . . . . . 1 . Garrison Access Hacks . | . . . . . . . . . . . . Unauthorized Hacks 8 | . 5 . . . 3 . . . . . . Terminals 6 | . 3 . . . 3 . . . . . . Assimilate 1 | . 1 . . . . . . . . . . Botnet 3 | . 1 . . . 2 . . . . . . Detonate 1 | . . . . . 1 . . . . . . Operators 1 | . 1 . . . . . . . . . . Fabricators . | . . . . . . . . . . . . Repair Stations . | . . . . . . . . . . . . Recycling Units 2 | . 2 . . . . . . . . . . Reject 1 | . 1 . . . . . . . . . . Mask 1 | . 1 . . . . . . . . . . Scanalyzers . | . . . . . . . . . . . . Garrison Access . | . . . . . . . . . . . . Data Cores Recovered . | . . . . . . . . . . . . Used . | . . . . . . . . . . . . Hacking Detections 21 | . 3 . . . 4 2 4 3 . 1 4 Full Trace Events 7 | . 1 . . . 1 1 3 . . . 1 Feedback Events . | . . . . . . . . . . . . Feedback Blocked . | . . . . . . . . . . . . Robot Schematics Acquired . | . . . . . . . . . . . . Robots Built . | . . . . . . . . . . . . Authchips . | . . . . . . . . . . . . Time . | . . . . . . . . . . . . Total Robot Build Rating . | . . . . . . . . . . . . Part Schematics Acquired 1 | . . . . . . . . . . 1 . Parts Built . | . . . . . . . . . . . . Authchips . | . . . . . . . . . . . . Time . | . . . . . . . . . . . . Total Part Build Rating . | . . . . . . . . . . . . Parts Repaired 3 | . . . . . . . . 3 . . . Time 138 | . . . . . . . . 138 . . . Parts Recycled . | . . . . . . . . . . . . Recycled Matter . | . . . . . . . . . . . . Retrieved Matter . | . . . . . . . . . . . . Retrieved Components . | . . . . . . . . . . . . Parts Scanalyzed 1 | . . . . . . . . . . 1 . Part Schematics Acquired 1 | . . . . . . . . . . 1 . Parts Damaged . | . . . . . . . . . . . . Bothacking | -11 -10 -10 -10 -9 -8 -8 -8 -6 -6 -6 -6 ------------ Run | Yrd Mat Min Exi Min Mat Sto Rec Fac Was Fac Ext Used RIF Installer . | . . . . . . . . . . . . Robots Hacked . | . . . . . . . . . . . . Non-combat . | . . . . . . . . . . . . Combat . | . . . . . . . . . . . . Robot Hacks Applied . | . . . . . . . . . . . . Relay Couplers Released . | . . . . . . . . . . . . Fabnet Peak Effective % . | . . . . . . . . . . . . Robots Rewired . | . . . . . . . . . . . . Allies Hacked . | . . . . . . . . . . . . Hacks Repelled . | . . . . . . . . . . . . Allies | -11 -10 -10 -10 -9 -8 -8 -8 -6 -6 -6 -6 -------- Run | Yrd Mat Min Exi Min Mat Sto Rec Fac Was Fac Ext Total Allies 18 | . . . . 5 . 10 . . . . 3 Largest Group 10 | . . . . 3 3 10 8 8 . . 3 Highest-Rated Group 210 | . . . . 40 40 173 128 128 . . 210 Highest-Rated Ally 159 | . . . . 16 16 29 16 16 . . 159 Total Orders 7 | . . 2 . 3 2 . . . . . . ROAM 1 | . . . . 1 . . . . . . . EXPLORE 5 | . . 1 . 2 2 . . . . . . RETURN 1 | . . 1 . . . . . . . . . Ally Attacks 208 | . . 1 . 37 26 50 9 53 . . 32 Total Damage 3302 | . . . . 287 199 691 67 575 . . 1483 Kills 31 | . . . . 5 3 8 1 7 . . 7 Allies Corrupted . | . . . . . . . . . . . . Allies Melted . | . . . . . . . . . . . . Intel | -11 -10 -10 -10 -9 -8 -8 -8 -6 -6 -6 -6 ------- Run | Yrd Mat Min Exi Min Mat Sto Rec Fac Was Fac Ext Robot Analysis Total 2 | . 1 . . . . . 1 . . . . Derelict Logs Recovered 1 | . . . . 1 . . . . . . . Drone Launches 31 | . . 7 . 16 8 . . . . . . Drone Recoveries 29 | . . 7 . 14 8 . . . . . . Exploration | -11 -10 -10 -10 -9 -8 -8 -8 -6 -6 -6 -6 ------------- Run | Yrd Mat Min Exi Min Mat Sto Rec Fac Was Fac Ext Turns Passed 6225 | 84 419 183 164 531 835 356 582 564 66 1466 975 Spaces Moved 4363 | 57 321 59 444 384 566 220 508 371 65 811 557 Core 21 | 19 . . . . . . . . . . 2 Treads 250 | 38 137 . . . 75 . . . . . . Legs 771 | . . . . . . . . . . 284 487 Wheels 1896 | . . . . . 139 220 508 371 65 527 66 Hover . | . . . . . . . . . . . . Flight 1425 | . 184 59 444 384 352 . . . . . 2 Fastest Speed 31 | 50 37 37 37 37 31 100 100 100 100 100 100 Average Speed 86 | 130 90 37 37 37 66 100 100 100 100 107 119 Slowest Speed 535 | 160 300 37 37 37 160 100 100 100 100 130 535 Overloaded Moves . | . . . . . . . . . . . . Propulsion Burnouts . | . . . . . . . . . . . . Robots Hopped 13 | . . 1 . 8 4 . . . . . . Cave-ins Triggered . | . . . . . . . . . . . . Exploration Rate (%) 50 | 4 51 95 59 98 44 35 78 10 59 20 55 Regions Visited 11 Branch Regions 6 Pre-discovered Areas 1 | . . . 1 . . . . . . . . Known Exits Taken 2 | . . . . . 1 . . . . 1 . Unknown Exits Taken 7 | 1 1 1 1 1 . 1 1 . . . . Scrap Searched 1 | . . . . 1 . . . . . . . Spaces Dug 3 | . . . . . . . . . . 3 . Terrain Destroyed 137 | . . . . . 74 9 . . . 50 4 Melee . | . . . . . . . . . . . . Projectile 14 | . . . . . . . . . . 10 4 AOE 123 | . . . . . 74 9 . . . 40 . Terrain Rammed . | . . . . . . . . . . . . Walls Destroyed . | . . . . . . . . . . . . Machines Disabled . | . . . . . . . . . . . . Actions | -11 -10 -10 -10 -9 -8 -8 -8 -6 -6 -6 -6 --------- Run | Yrd Mat Min Exi Min Mat Sto Rec Fac Was Fac Ext Total 6201 | 64 394 216 443 744 914 316 575 550 66 1192 727 Wait 1248 | . 26 149 . 350 216 66 58 142 . 211 30 Move 4327 | 56 320 56 443 367 557 219 507 371 64 810 557 Hop 13 | . . 1 . 8 4 . . . . . . Pick Up 35 | 2 2 . . . 6 2 2 6 1 10 4 Fast Attach 53 | 6 2 1 . . 14 . . 4 . 12 14 Attach 35 | . . 2 . 2 8 1 . 4 . 7 11 Detach 16 | . 2 3 . 2 4 . . 1 . 1 3 Swap 38 | . 5 . . 1 8 2 . 5 . 8 9 Drop 39 | . 4 1 . 1 14 2 2 6 1 8 . Fire 362 | . 33 3 . 13 83 22 4 8 . 125 71 Melee 17 | . . . . . . . . . . . 17 Ram . | . . . . . . . . . . . . Kick . | . . . . . . . . . . . . Crush . | . . . . . . . . . . . . Escape Stasis 2 | . . . . . . . . . . . 2 Rewire 16 | . . . . . . 2 2 3 . . 9 Trap . | . . . . . . . . . . . . Miscellaneous . | . . . . . . . . . . . . Route ------- -11/Scrapyard -10/Materials (discovered 2 exits: [*Mat] / *Min) -10/Mines (discovered 3 exits: [*Mat x2] / *Exi) -10/Exiles -9/Mines (discovered 2 exits: *Mat x2) -8/Materials -8/Storage -8/Recycling -6/Factory -6/Waste -6/Factory (discovered 4 exits: *Low x2 / *Ext x2) -6/Extension History --------- Turn | Location | Event 5 | -11/Scrapyard | Discovered new exit (range 15) 85 | -11/Scrapyard | Entered Materials 145 | -10/Materials | Discovered new exit (range 12) 314 | -10/Materials | Build established: Mutant 463 | -10/Materials | Discovered new exit (range 12) 504 | -10/Materials | Entered Mines 506 | -10/Mines | Found the Drone Emporium 507 | -10/Mines | Found Prototype Device 507 | -10/Mines | Identified Splice Drone Bay 541 | -10/Mines | Discovered new exit (range 45) 570 | -10/Mines | Discovered new exit (range 54) 685 | -10/Mines | Deemed a non-threat by the Exiles lab entrance 685 | -10/Mines | Discovered new exit (range 5) 687 | -10/Mines | Entered Exiles 693 | -10/Exiles | Discovered new exit (range 15) 700 | -10/Exiles | Met 8R-AWN 730 | -10/Exiles | Met EX-HEX 740 | -10/Exiles | Met EX-BIN 790 | -10/Exiles | Met EX-DEC 822 | -10/Exiles | Learned location of Zion (-6) 851 | -10/Exiles | Entered Mines 853 | -9/Mines | Core integrity fell below 50% 925 | -9/Mines | Discovered new exit (range 37) 1184 | -9/Mines | Assisted by bots powering up and referring to "LRC-V3" 1256 | -9/Mines | Discovered new exit (range 16) 1297 | -9/Mines | Learned Materials terminal intel 1382 | -9/Mines | Entered Materials 1382 | -8/Materials | Accompanied by 3 allies 1382 | -8/Materials | Evolved 4 slots: Propulsion x2, Utility x2 1383 | -8/Materials | Loaded intel: 12 terminal locations 1847 | -8/Materials | Discovered new exit (range 4) 1888 | -8/Materials | Lost 3 parts (3n) 1959 | -8/Materials | Identified exit to Storage 2203 | -8/Materials | Lost 3 parts (1p2w) 2217 | -8/Materials | Entered Storage 2410 | -8/Storage | Assisted by bots powering up and referring to "LRC-V3" 2553 | -8/Storage | Used back door to open Recycling access 2553 | -8/Storage | Discovered new exit (range 5) 2573 | -8/Storage | Entered Recycling 2573 | -8/Recycling | Accompanied by 8 allies 2686 | -8/Recycling | Discovered new exit (range 11) 2729 | -8/Recycling | Build established: Commander-Mutant 3155 | -8/Recycling | Entered Factory 3155 | -6/Factory | Accompanied by 8 allies 3155 | -6/Factory | Evolved 4 slots: Propulsion x2, Utility x2 3295 | -6/Factory | Found Hvy. Reactive Plating 3378 | -6/Factory | Lost 5 allies 3422 | -6/Factory | Discovered new exit (range 5) 3517 | -6/Factory | Repaired Arm. Huge Wheel 3563 | -6/Factory | Repaired Arm. Huge Wheel 3614 | -6/Factory | Repaired Hvy. Reactive Plating 3635 | -6/Factory | Build established: Hacker-Mutant 3719 | -6/Factory | Sucked down chute 3719 | -6/Factory | Entered Waste 3727 | -6/Waste | Spotted C-40 Crusher 3734 | -6/Waste | EMP discharged 3738 | -6/Waste | Spotted C-40 Crusher 3740 | -6/Waste | Spotted C-40 Crusher 3740 | -6/Waste | Spotted C-40 Crusher 3774 | -6/Waste | Discovered new exit (range 10) 3785 | -6/Waste | Entered Factory 3867 | -6/Factory | Discovered new exit (range 14) 3925 | -6/Factory | Identified exit to Lower Caves 3925 | -6/Factory | Identified exit to Extension 4740 | -6/Factory | Lost 3 parts (2n1u) 5075 | -6/Factory | Lost 7 parts (1p4n1u1w) 5122 | -6/Factory | System corruption reached 10% 5218 | -6/Factory | Build established: Scavenger-Mutant 5251 | -6/Factory | Entered Extension 5373 | -6/Extension | Rescued A7 5470 | -6/Extension | Rescued a captive Derelict 5471 | -6/Extension | Rescued a captive Derelict 5486 | -6/Extension | Lost 3 parts (2n1u) 5543 | -6/Extension | Lost 3 parts (2n1u) 5722 | -6/Extension | Spotted B-75 Beast 5736 | -6/Extension | Spotted B-75 Beast 5759 | -6/Extension | Core integrity fell below 50% 5776 | -6/Extension | Disrupted transfer network 5785 | -6/Extension | Lost 3 allies 5802 | -6/Extension | Lost 5 parts (1p3n1w) 5932 | -6/Extension | Energy Cycler disabled 5933 | -6/Extension | Rescued a captive Derelict 5944 | -6/Extension | Rescued a captive Derelict 6094 | -6/Extension | Lost 6 parts (1p2n2u1w) 6192 | -6/Extension | Destroyed B-75 Beast 6200 | -6/Extension | Core integrity fell below 20% 6226 | -6/Extension | Destroyed by H-66 Slayer with Gauss Rifle Last Messages --------------- 06206_ Integrated Corrupted Hyp. Railgun (+8). 06207_ Penetrated by Slug. 06207_ Hyp. Railgun destroyed. 06207_ Penetrated by Slug. 06210_ Adv. Targeting Computer destroyed. 06210_ Penetrated by Slug. 06210_ Autogun destroyed. 06210_ Slug penetrates Wall. 06210_ Fission Core destroyed. 06213_ Penetrated by Slug. 06214_ Slug penetrates Wall. 06216_ Lgt. Fission Core melted. 06216_ H-66 Slayer destroyed. 06217_ Penetrated by Slug. 06217_ Field Laser destroyed. 06217_ Penetrated by Slug. 06220_ 2 Y6QA8 >JYM,V ACJVS ZBOYHIUK% 06220_ Penetrated by Slug. 06220_ Lgt. Nuclear Core destroyed. 06220_ Penetrated by Slug. Map ----- +----------------------------------------------------+ | # #??# %#=######## #??????????????? | | % + #??# = #[#??????? #??????????????? | | % #######??# =!%+%#??????# #??????????????? | | % #????????# !!#%#??????# #??????????????? | | [ #????????# !*"%#??????# #??????????????? | | ########????????######"" ###????# #??????????????? | | #####?????????????????#" # ####?# #??????????????? | | ??????????????????????#" "####### #??????????????? | | ??????????????????????## #??????????????? | | ??????????????????????##^ #??????????????? | | ??????????????????????# % #??????????????? | | ??????????????????????## !#??????????????? | | ???????????????????????# #??????????????? | | ???????????????????????# ###????????????? | | ???????????????????????# # #????????????? | | ???????????????????????##""Y""##"%"!####?????????? | | ????????????????????????#"""""["" "!=["# ### #???? | | ????????????????????????#####"=%%%!! %*% "" ""??? | | ????????????????????????????# "% $% ! = " " #?? | | ????????????????????????????##" % %[ #?? | | ?????????????????????????????## h !! #?? | | ############################### #?? | | % ? | | u %%[ | | ! % | | @ %%%*] | | A % tkR % | | ###############################* "#? | | ??????????????????????????????# ##? | | ??????????????????????????????# ??? | | ??????????????????????????????# ????? | | ??????????????????????????????# ???????? | | ??????????????????????????????######T#""?????????? | | ?????????????????????????????????????????????????? | | ?????????????????????????????????????????????????? | | | | | | | | | | | | | | | | | | | | | | | | | | | | | | | +----------------------------------------------------+ Best States ------------- Heat Dissipation 59 Energy Generation 25 Energy Capacity 310 Matter Stores 300 Matter Capacity 300 Sight Range 16 Terrain Scan Density 10 Armor Coverage 600 Resistance: KI 40 Evasion (%) 63 Targeting Accuracy 16 Recoil Reduction 2 Salvage Targeting 2 Offensive Hacking 10 Defensive Hacking 10 Item Schematics ----------------- Arm. Huge Wheel | -6/Factory | Scanalyzed Robot Schematics ------------------ None Fabricated ------------ Nothing Alien Tech Used ----------------- None Achievements -------------- Error 47 Challenges ------------ None Game ------ Seed TachyonFactoryStripper Manual? 0 Play Time 01:10:28 Cumulative 59.6 hours Start 2025.03.18 @ 12:11:56 End 2025.03.18 @ 13:25:34 Sessions 1 Manual Loads 0 Difficulty Rogue Special Mode None Game No. 39 Rogue 39 Adventurer 0 Explorer 0 Win Type - Total 0 Types 0/0/0/0/0/0/0/0/0 Lore% 25 Gallery% 44 Achievement% 44 Wizard Run 0 Options --------- Layout 1 ASCII 0 Keyboard 1 Movement Numpad Keybinds 0 Fullscreen 1 Font 24/Smallcaps Map View 50x35 Zoom Use 0% Tactical HUD 1 Map Filters NONE Filters NONE Steam 1 RUN: 1b5c4404-a8f7-4a82-ad4f-25adc0aa486a